 Dungeon Crawl Stone Soup version 0.24-a0-619-gb7544fd237 (webtiles) character file.

Game seed: 12417904385746095507, levelgen mode: deterministic

149 Jorund the Conjurer (level 5, 28/28 HPs)
             Began as a Tengu Conjurer on Sept 17, 2019.
             Quit the game on level 2 of the Dungeon.
             The game lasted 00:05:26 (2296 turns).

Jorund the Conjurer (Tengu Conjurer)                Turns: 2296, Time: 00:05:27

Health: 28/28      AC:  3    Str: 10    XL:     5   Next: 31%
Magic:  10/10      EV: 13    Int: 18    God:
Gold:   106        SH:  0    Dex: 15    Spells: 5/10 levels left

rFire    . . .     SeeInvis .   b - +0 dagger
rCold    . . .     Gourm    .   (no shield)
rNeg     . . .     Faith    .   a - +0 robe
rPois    .         Spirit   .   (helmet restricted)
rElec    .         Reflect  .   (no cloak)
rCorr    .         Harm     .   g - +0 pair of gloves
MR       .....                  (boots unavailable)
Stlth    ++........             (no amulet)
HPRegen  0.09/turn              (no ring)
MPRegen  0.12/turn              (no ring)

@: no status effects
A: beak, talons 3, blurry vision 1, clever 1, deterioration 1, strong 1, able to
fly
a: Fly


You were on level 2 of the Dungeon.
You were hungry.

You visited 1 branch of the dungeon, and saw 2 of its levels.

You collected 106 gold pieces.

Inventory:

Hand Weapons
 b - a +0 dagger (weapon)
Armour
 a - a +0 robe (worn)
 g - a +0 pair of gloves (worn)
Scrolls
 d - a scroll of remove curse {unknown}
 i - a scroll of fog {unknown}
 j - a scroll of blinking {unknown}
 m - a scroll of immolation {unknown}
 o - a scroll of fear {unknown}
Potions
 e - a potion of haste
 k - a potion of curing
 l - a potion of degeneration
 p - a potion of agility {unknown}
Comestibles
 c - 8 rations


   Skills:
 - Level 3.2 Dodging
 - Level 2.0 Stealth
 + Level 3.0 Spellcasting
 + Level 7.1 Conjurations


You had 5 spell levels left.
You knew the following spells:

 Your Spells              Type           Power        Failure   Level  Hunger
a - Magic Dart            Conj           ####         1%          1    None
b - Iskenderun's Mystic   Conj           ####....     9%          4    ####...

Your spell library contained the following spells:

 Spells                   Type           Power        Failure   Level  Hunger
 Searing Ray              Conj           ####..       1%          2    ##.....
 Dazzling Spray           Conj/Hex       ###...       11%         3    ###....
 Force Lance              Conj/Tloc      ###.....     36%         4    ####...
 Fulminant Prism          Conj/Hex       ###.......   36%         4    ####...


Dungeon Overview and Level Annotations

Branches:
Dungeon (2/15)

Altars:
Dithmenos
Elyvilon


Innate Abilities, Weirdness & Mutations

You have a beak for a mouth.
You have claws for feet.
You can fly continuously.
Scrolls take you a little longer to read.
Your mind is acute. (Int +2)
Your body sometimes deteriorates upon taking damage.
Your muscles are strong. (Str +2)


Message History

All of the chunks of flesh in your inventory have rotted away.
You see here a dagger.
You see here a rapier.
You are feeling hungry.
Done exploring.
Done exploring.
Done exploring.
There is a stone staircase leading down here.
As you read the scroll labeled UNTICI ZUXT, it crumbles to dust.
It is a scroll of identify.
e - a potion of haste
As you read the scroll of identify, it crumbles to dust.
h - a potion of mutation
As you read the scroll of identify, it crumbles to dust.
l - a potion of degeneration Really quaff the potion of mutation?
You feel extremely strange.
Your vision blurs.
You feel yourself wasting away.
You feel clever.
You feel stronger.
Are you sure you want to abandon this character and quit the game? (Confirm with "yes".)

#.##..##.#.....###.####
#.##..........## #.#
##.###.##<.#..#####)#
#...###.#.#..## #...#
###.#.####.....# #...#
#...#...###.#..# #...# #
#.#####........#####.##
##
#...#...###.#......#.#
#.
##..#.#####.####@....#
#.
#...............###.####
#. #.########......#
#....########. #.#
######.###.##..........
#.# #.....############
#.# ###.### ## #.# #.#
##. #.# #.# #####.# #.#
#.########....##


There were no monsters in sight!

Vanquished Creatures
  Terence (D:2)
  Jessica (D:2)
  An adder (D:2)
  A gnoll (D:1)
  A worm (D:2)
  2 dart slugs
  2 leopard geckos (D:1)
  4 giant cockroaches
  14 goblins
  11 hobgoblins
  2 quokkas (D:2)
  2 ball pythons
  4 bats
  6 frilled lizards
  7 kobolds
  9 rats
68 creatures vanquished.

Notes
Turn   | Place    | Note
-------+----------+-------------------------------------------
     0 | D:1      | Jorund the Tengu Conjurer began the quest for the Orb.
     0 | D:1      | Reached XP level 1. HP: 10/10 MP: 4/4
    89 | D:1      | Reached XP level 2. HP: 5/15 MP: 0/6
   517 | D:1      | Reached skill level 6 in Conjurations
   544 | D:1      | Reached XP level 3. HP: 19/19 MP: 1/7
  1140 | D:2      | Noticed Jessica
  1142 | D:2      | Killed Jessica
  1142 | D:2      | Reached XP level 4. HP: 24/24 MP: 5/8
  1276 | D:2      | Found a shadowy altar of Dithmenos.
  1276 | D:2      | Noticed Terence
  1348 | D:2      | Learned a level 4 spell: Iskenderun's Mystic Blast
  1376 | D:2      | Killed Terence
  1442 | D:2      | Gained mutation: You can fly continuously. [Tengu growth]
  1442 | D:2      | Reached XP level 5. HP: 28/28 MP: 5/10
  1453 | D:2      | Reached skill level 7 in Conjurations
  2156 | D:2      | Found a white marble altar of Elyvilon.
  2295 | D:2      | Gained mutation: Scrolls take you a little longer to read.
                  | [potion of mutation]
  2295 | D:2      | Gained mutation: Your body sometimes deteriorates upon
                  | taking damage. [potion of mutation]
  2295 | D:2      | Gained mutation: Your mind is acute. (Int +2) [potion of
                  | mutation]
  2295 | D:2      | Gained mutation: Your muscles are strong. (Str +2) [potion
                  | of mutation]
  2296 | D:2      | Quit the game

Levels and vault maps discovered:
D:1:      elethiomel_arrival_infinity_welcomes_careful_drivers, layout_rooms,
          hex_intersection
D:2:      cheibrodos_greedy_goblins, layout_loops_ring, lemuel_crystal_altar,
          elyvilon_altar_5, uniq_terence, uniq_jessica

Skill      XL: |  1  2  3  4  5 |
---------------+----------------+-----
Conjurations   | 6 7 |  7.1
Dodging        | 3 |  3.2
Spellcasting   | 3 |  3.0
Stealth        | |  2.0

Action                   |  1- 3 |  4- 6 || total
-------------------------+-------+-------++-------
Melee: Unarmed           |     7 |       ||     7
       Peck              |     2 |     4 ||     6
       Kick              |     1 |     4 ||     5
       Dagger            |     6 |    20 ||    26
 Cast: Magic Dart        |    50 |    64 ||   114
       Iskenderun's Myst |       |     1 ||     1
  Use: Potion            |       |     3 ||     3
       Scroll            |       |     3 ||     3
 Stab: Sleeping          |     3 |       ||     3
  Eat: Chunk             |     1 |     4 ||     5
Armor: Robe              |     3 |     6 ||     9
Dodge: Dodged            |    11 |    30 ||    41

Table legend:
 A = Non-vault XP
 B = Vault XP
 C = Vault XP percentage of total XP
 D = Non-vault monster count
 E = Vault monster count
 F = Vault count percentage of total count
                 A         B        C        D         E       F
            +---------+---------+-------+---------+---------+-------
      Total |     114 |     100 |  46.7 |      53 |      15 |  22.1
            +---------+---------+-------+---------+---------+-------
        D:1 |      58 |       0 |   0.0 |      30 |       0 |   0.0
        D:2 |      56 |     100 |  64.1 |      23 |      15 |  39.5
            +---------+---------+-------+---------+---------+-------
